 Dungeon Crawl Stone Soup version 0.24.0-37-gcf1ca852f1 (webtiles) character file.

Game seed: 3230532493879078454, levelgen mode: deterministic

96 Gruesph the Magician (level 4, 0/24 HPs)
             Began as a Deep Elf Fire Elementalist on Nov 27, 2019.
             Succumbed to an orc wizard's poison
             ... on level 2 of the Dungeon.
             The game lasted 00:08:47 (2621 turns).

Gruesph the Magician (Deep Elf Fire Elementalist)   Turns: 2621, Time: 00:08:48

Health: 0/24       AC:  4    Str:  2 (5)  XL:     4   Next: 41%
Magic:  3/12       EV: 11    Int: 25 (26) God:
Gold:   54         SH:  0    Dex: 13 (15) Spells: 7/11 levels left

rFire    . . .     SeeInvis .   a - +0 dagger
rCold    . . .     Gourm    .   (no shield)
rNeg     . . .     Faith    .   r - +0 leather armour
rPois    .         Spirit   .   (no helmet)
rElec    .         Reflect  .   (no cloak)
rCorr    .         Harm     .   m - +0 pair of gloves (curse)
MR       .....                  (no boots)
Stlth    +++.......             (no amulet)
HPRegen  0.08/turn              p - ring of stealth
MPRegen  0.13/turn              (no ring)

@: brilliant, lethally poisoned (0 -> -4), hasted, very quick
A: no striking features
a: no special abilities


You were on level 2 of the Dungeon.
You were not hungry.

You visited 1 branch of the dungeon, and saw 3 of its levels.

You collected 54 gold pieces.

Inventory:

Hand Weapons
 a - a +0 dagger (weapon)
Missiles
 b - 137 stones (quivered)
 k - 66 sling bullets
Armour
 m - a cursed +0 pair of gloves (worn)
 r - a +0 leather armour (worn)
Jewellery
 p - a ring of stealth (left hand)
Scrolls
 d - 4 scrolls of remove curse {unknown}
 e - 5 scrolls of identify {unknown}
 g - a scroll of amnesia {unknown}
 h - a scroll of enchant weapon {unknown}
 j - 2 scrolls of noise {unknown}
 n - 2 scrolls of teleportation {unknown}
 s - a scroll of fear {unknown}
Comestibles
 f - 7 rations


   Skills:
 - Level 2.4 Dodging
 - Level 2.4 Stealth
 + Level 4.4 Spellcasting
 + Level 2.8 Conjurations
 + Level 4.2 Fire Magic


You had 7 spell levels left.
You knew the following spells:

 Your Spells              Type           Power        Failure   Level  Hunger
a - Flame Tongue          Conj/Fire      #####        1%          1    None
b - Conjure Flame         Conj/Fire      #####...     1%          3    ##.....

Your spell library contained the following spells:

 Spells                   Type           Power        Failure   Level  Hunger
 Throw Flame              Conj/Fire      #####.       1%          2    None
 Inner Flame              Hex/Fire       ####....     3%          3    ##.....
 Sticky Flame             Conj/Fire      #####...     5%          4    ####...
 Fireball                 Conj/Fire      #####.....   13%         5    #####..


Dungeon Overview and Level Annotations

Branches:
Dungeon (3/15)

Altars:
Wu Jian


Message History

Okay, then.
p - a ring of stealth (left hand)
* * * LOW HITPOINT WARNING * * *
You feel sick.
* * * LOW HITPOINT WARNING * * *
You feel sick.
There is an open door here.
* * * LOW HITPOINT WARNING * * *
You feel sick.
* * * LOW HITPOINT WARNING * * *
You feel sick.
There is a stone staircase leading up here.
You climb upwards.
* * * LOW HITPOINT WARNING * * *
You feel sick.
There is a stone staircase leading down here.
There is a lethal amount of poison in your body!
* * * LOW HITPOINT WARNING * * *
You feel sick.
You die...

.....########.# ......#
#.# .....## #.# ###.##
#.######### #.#
#.........# #.#
#.#######.# ##+## #.#
#.# ##...## #.##### #.#
#.....## #...@.# #.#
.......## ##.###.###.#
........####........#.#
........'.......#.#.#.#
........####..........#
.......## ##..##.#.###
#.....## #.#.#..#.#
##...## #.._..##.#
##+## #.#.####.#


There were no monsters in sight!

Vanquished Creatures
  An orc wizard (D:3)
  An ooze (D:1)
  3 worms (D:2)
  2 leopard geckos (D:1)
  3 orcs (D:3)
  5 bats
  2 giant cockroaches
  3 goblins
  7 hobgoblins
  4 jackals (D:2)
  2 quokkas
  3 frilled lizards
  6 kobolds
  6 rats
48 creatures vanquished.

Notes
Turn   | Place    | Note
-------+----------+-------------------------------------------
     0 | D:1      | Gruesph the Deep Elf Fire Elementalist began the quest for
                  | the Orb.
     0 | D:1      | Reached XP level 1. HP: 10/10 MP: 6/6
   415 | D:1      | Reached XP level 2. HP: 14/15 MP: 5/8
   954 | D:1      | Reached XP level 3. HP: 19/19 MP: 6/10
   961 | D:1      | Learned a level 3 spell: Conjure Flame
  1549 | D:2      | Found an ornate altar of the Wu Jian Council.
  2549 | D:3      | Found a faded altar of an unknown god.
  2577 | D:3      | Reached XP level 4. HP: 20/24 MP: 1/12
  2613 | D:2      | HP: 1/24 [poisoned by an orc wizard]
  2621 | D:2      | Succumbed to an orc wizard's poison

Levels and vault maps discovered:
D:1:      dpeg_arrival_long_road, layout_loops_ring, serial_bayou_ford_a,
          chequers_serial_rivers_small_a
D:2:      layout_loops_corners, lemuel_crystal_altar
D:3:      layout_loops_corners, chequers_ecumenical_altar_simple_redux,
          ebering_ghost_rock_garden, serial_glass, glass_columns_a,
          glass_columns_b, first_ration, hangedman_glass_teeth,
          hangedman_glass_garden, small_statue_intersection,
          minmay_misc_feat_ornament, uniq_crazy_yiuf_cottage, uniq_natasha,
          uniq_grinder, uniq_sigmund

Skill      XL: |  1  2  3 |
---------------+----------+-----
Conjurations   | 2 |  2.8
Spellcasting   | 4 |  4.4
Fire Magic     | 4 |  4.2
Dodging        | |  2.4
Stealth        | |  2.4

Action                   |  1- 3 |  4- 6 || total
-------------------------+-------+-------++-------
Melee: Whip              |     1 |       ||     1
       Dagger            |    29 |     6 ||    35
Throw: Stone             |    22 |       ||    22
 Cast: Flame Tongue      |    80 |     2 ||    82
       Conjure Flame     |     2 |       ||     2
  Use: Potion            |       |     5 ||     5
  Eat: Chunk             |     5 |       ||     5
Armor: Leather armour    |    12 |     4 ||    16
       Robe              |     1 |       ||     1
Dodge: Dodged            |    37 |     9 ||    46
